 Seeded DCSS version 0.31-a0-1576-ga3383bade6 (webtiles) character file.

Game seed: 11055773526835854162 (custom seed)

65 innerfire43 the Shield-Bearer (level 3, 0/28 HPs)
             Began as a Demonspawn Wanderer on Jan 4, 2024.
             Slain by a gnoll
             ... wielding a +0 flail
              (9 damage)
             ... on level 2 of the Dungeon.
             The game lasted 00:01:56 (1184 turns).

innerfire43 the Shield-Bearer (Demonspawn Wanderer) Turns: 1184, Time: 00:01:56

Health: 0/28       AC:  7    Str: 11    XL:     3   Next: 92%
Magic:  4/4        EV:  8    Int: 11    God:
Gold:   65         SH:  7    Dex: 16    Spells: 2/2 levels left

rFire   . . .        a - +0 dagger
rCold   . . .        e - +2 buckler
rNeg    . . .        c - +0 scale mail
rPois   .            (helmet restricted)
rElec   .            (no cloak)
rCorr   .            (no gloves)
SInv    .            h - +0 pair of boots
Will    .....        (no amulet) Stlth
                     (no ring)
HPRegen 0.24/turn    (no ring)
MPRegen 0.09/turn

%: no passive effects
@: no status effects
A: antennae 1
a: no special abilities


You were on level 2 of the Dungeon.
You visited 1 branch of the dungeon, and saw 2 of its levels.

You collected 65 gold pieces.

Inventory:

Hand Weapons
 a - a +0 dagger (weapon)
Armour
 c - a +0 scale mail (worn)
 e - a +2 buckler (worn)
 h - a +0 pair of boots (worn)
Scrolls
 f - a scroll of butterflies {unknown}
 g - 2 scrolls of amnesia {unknown}
 i - 2 scrolls of identify {unknown}
 j - a scroll of enchant armour {unknown}
 k - a scroll of brand weapon {unknown}
Potions
 d - a potion of attraction


   Skills:
 + Level 2.6 Fighting
 + Level 1.8 Armour
 - Level 1.0 Dodging
 * Level 4.1 Shields
 + Level 2.5 Invocations
 - Level 1.0 Evocations


You had 2 spell levels left.
You didn't know any spells.
Your spell library was empty.

Dungeon Overview and Level Annotations

Branches:
Dungeon (2/15)

Altars:


Innate Abilities, Weirdness & Mutations

You have a pair of small antennae on your head.


Message History

The ball python grabs you. The ball python constricts you.
You block the gnoll's attack.
You hit the gnoll.
You kill the gnoll!
You block the ball python's attack. The ball python constricts you.
The ball python closely misses you. The ball python constricts you.
You escape the ball python's grasp.
You see here a +0 club.
You hit the ball python.
You kill the ball python!
You see here a ball python corpse.
A gnoll comes into view. It is wielding a +0 flail.
You see here a ball python corpse.
You see here a +0 club.
You block the gnoll's attack.
You hit the gnoll.
The gnoll is lightly wounded.
You block the gnoll's attack.
You hit the gnoll but do no damage.
The gnoll is lightly wounded.
The gnoll hits you with a +0 flail.
You barely miss the gnoll.
The gnoll is lightly wounded.
The gnoll barely misses you.
You hit the gnoll but do no damage.
The gnoll is lightly wounded.
The gnoll barely misses you.
You hit the gnoll.
The gnoll is moderately wounded.
You block the gnoll's attack.
You hit the gnoll.
The gnoll is heavily wounded.
The gnoll hits you with a +0 flail!
You hit the gnoll but do no damage.
The gnoll is heavily wounded.
The gnoll closely misses you.
You hit the gnoll but do no damage.
The gnoll is heavily wounded.
The gnoll hits you with a +0 flail!
You die...

.##.# #.######)..#
###.# #.....†.#..#
.##.####..####.#..#####
..........# #)#......#
.##......##
#....###.#.# ###.######
#.)†........ # #.#
##...###.#.# # #.#
##.## # #.# #@# # #.#
#g# #.# #.# ..# #.. #.#
#.# #.#


You could see a gnoll.

Vanquished Creatures
  2 adders (D:2)
  3 gnolls (D:2)
  A ribbon worm (D:2)
  2 hobgoblins (D:2)
  2 kobolds (D:1)
  3 ball pythons
  3 bats
  A frilled lizard (D:1)
  3 rats
20 creatures vanquished.

Notes
Turn   | Place    | Note
-------+----------+-------------------------------------------
     0 | D:1      | innerfire43 the Demonspawn Wanderer began the quest for the
                  | Orb.
     0 | D:1      | innerfire43 set off with the following items: a +0 dagger,
                  | a potion of lignification, a +0 scale mail, a potion of
                  | attraction, a +2 buckler.
     0 | D:1      | Reached XP level 1. HP: 16/16 MP: 1/1
   774 | D:2      | Gained mutation: You have a pair of small antennae on your
                  | head. [demonic ancestry]
   774 | D:2      | Reached XP level 2. HP: 8/22 MP: 3/3
   874 | D:2      | Found a faded altar of an unknown god.
   980 | D:2      | Reached XP level 3. HP: 27/28 MP: 4/4
  1094 | D:2      | Reached skill level 4 in Shields
  1184 | D:2      | Slain by a gnoll

Illustrated notes

Levels and vault maps discovered:
D:1:      dpeg_arrival_round_a, layout_basic, minmay_misc_feat_more_columns
D:2:      layout_loops_ring, basic_ecumenical_altar

Skill      XL: |  1  2  3 |
---------------+----------+-----
Invocations    | 2 |  2.5
Shields        | 4 |  4.1
Fighting       | |  2.6
Armour         | |  1.8
Dodging        | |  1.0
Evocations     | |  1.0

Action                     || total
---------------------------++-------
  Melee: Dagger            ||   174
    Use: Potion            ||     2
 Armour: Scale mail        ||    96
         Skin              ||     7
  Dodge: Dodged            ||    44
  Block: Buckler           ||    71

Table legend: (Time is in decaauts)
 A = Elapsed time spent in this place.
 B = Non-inter-level travel time spent in this place.
 C = Inter-level travel time spent in this place.
 D = Time resting spent in this place.
 E = Time spent auto-exploring this place.
 F = Levels seen in this place.
 G = Mean time per level.
                   A        B        C        D        E       F      G
               +--------+--------+--------+--------+--------+-----+--------+
         Total |   1193 |   1193 |      0 |      0 |    846 |   2 |  596.5 |
       Dungeon |   1193 |   1193 |      0 |      0 |    846 |   2 |  596.5 |
               +--------+--------+--------+--------+--------+-----+--------+

Top non-repeatable levels by time:
     D:1: 761 daAuts
     D:2: 431 daAuts
